 Dungeon Crawl Stone Soup version 0.28-a0-1292-gb4563b27b3 (webtiles) character file.

Game seed: 1641371707395300361

154 ChaosChampion the Shield-Bearer (level 5, -11/28 HPs)
             Began as a Vine Stalker Fighter on Dec 27, 2021.
             Mangled by an ogre (19 damage)
             ... on level 4 of the Dungeon.
             The game lasted 00:02:57 (2254 turns).

ChaosChampion the Shield-Bearer (VSFi)              Turns: 2254, Time: 00:02:58

Health: -11/28     AC:  7    Str: 21    XL:     5   Next: 36%
Magic:  0/6        EV: 10    Int:  8    God:
Gold:   141        SH:  5    Dex: 13    Spells: 4/4 levels left

rFire   . . .      SeeInvis .   a - +0 rapier
rCold   . . .      Faith    .   c - +0 buckler
rNeg    . . .      Spirit   +   b - +0 scale mail
rPois   .          Reflect  .   (no helmet)
rElec   .          Harm     .   (no cloak)
rCorr   .          Rampage  .   (no gloves)
Will    .....                   l - +0 pair of boots {Stlth+}
Stlth   +.........              g - amulet of magic regeneration
HPRegen 0.89/turn               f - ring of wizardry
MPRegen 0.50/turn               (no ring)

@: no status effects
A: fangs 2, regeneration 1, magic shield, antimagic bite, no potion heal 2
a: no special abilities


You were on level 4 of the Dungeon.
You visited 1 branch of the dungeon, and saw 4 of its levels.

You collected 141 gold pieces.

Inventory:

Hand Weapons
 a - a +0 rapier (weapon)
Armour
 b - a +0 scale mail (worn)
 c - a +0 buckler (worn)
 l - a +0 pair of boots of stealth (worn)
Jewellery
 f - a ring of wizardry (left hand)
 g - an amulet of magic regeneration (around neck)
Scrolls
 m - 2 scrolls of fog {unknown}
Potions
 d - 2 potions of might
 e - a potion of haste {unknown}
 h - 2 potions of mutation {unknown}
 j - a potion of attraction {unknown}
 n - 2 potions of curing {unknown}


   Skills:
 + Level 3.3 Fighting
 + Level 2.7 Short Blades
 + Level 3.0 Armour
 + Level 1.5 Dodging
 + Level 3.3 Shields


You had 4 spell levels left.
You didn't know any spells.
Your spell library was empty.

Dungeon Overview and Level Annotations

Branches:
Dungeon (4/15)
 Temple: D:4-7

Altars:
Cheibriados
Gozag

Annotations:
D:4 Edmund


Innate Abilities, Weirdness & Mutations

You have extremely sharp teeth.
Your natural rate of healing is unusually fast.
When hurt, damage is shared between your health and your magic reserves.
Your bite disrupts and absorbs the magic of your enemies.
Potions cannot restore your health.


Message History

You kill the goblin!
You barely miss Edmund. You bite Edmund, but do no damage.
Edmund completely misses you.
You hit Edmund. You bite Edmund, but do no damage.
Edmund is lightly wounded.
Edmund closely misses you.
You hit Edmund. You bite Edmund. You drain his power.
Edmund is moderately wounded.
The goblin hits you but does no damage.
Edmund hits you with a +0 dire flail of protection.
Your scale mail prevents you from hitting Edmund.
You bite Edmund, but do no damage.
Edmund is moderately wounded.
The goblin closely misses you.
Edmund hits you with a +0 dire flail of protection!
You barely miss Edmund. You bite Edmund. You drain his power.
You feel invigorated.
Edmund is moderately wounded.
The goblin hits you but does no damage. You block Edmund's attack.
You closely miss Edmund. You bite Edmund, but do no damage.
Edmund is moderately wounded.
The ogre closely misses you. You block the goblin's attack.
Edmund closely misses you.
You hit Edmund. You bite Edmund, but do no damage.
Edmund is moderately wounded.
You block the goblin's attack.
Edmund hits you with a +0 dire flail of protection.
The ogre hits you with a +0 giant club!!
Ouch! That really hurt!
* * * LOW HITPOINT WARNING * * *
You are too injured to fight recklessly!
You are too injured to fight recklessly!
You are too injured to fight recklessly!
You are too injured to fight recklessly!
A gnoll comes into view. It is wielding a +0 whip.
The gnoll shouts!
You hear a shout!
The goblin hits you but does no damage.
The ogre hits you with a +0 giant club!!
Ouch! That really hurt!
You die...

***,,,,,.##.,**
**,,,,,**,,,,*
****,,..#..*
*,,,,,,*,****,
****....* **....,,*,*
## **#..#*
*.....,,*,* #. *#..*
##^....,,#.####.
*#.#*#......,,*#..†.#
#.w##...g.,,,,######
*#O@#..#*,,,,,,,*
##@g..#*********
#...## ### ##..#
####.. ##.## ##.....
*#...#######......
*#..##...##........
*#..#*###...........
*#...*** ####.....(..
*#.#..,,* ##.......


You could see Edmund, an ogre, a gnoll, a dart slug and a goblin.

Vanquished Creatures
  A bullfrog (D:4)
  3 adders (D:2)
  A worm (D:3)
  2 dart slugs (D:1)
  4 orcs (D:3)
  2 ball pythons
  4 bats
  8 endoplasms
  2 giant cockroaches (D:2)
  4 goblins
  4 hobgoblins
  7 kobolds
  4 quokkas
  4 frilled lizards
  A rat (D:2)
51 creatures vanquished.

Notes
Turn   | Place    | Note
-------+----------+-------------------------------------------
     0 | D:1      | ChaosChampion the Vine Stalker Fighter began the quest for
                  | the Orb.
     0 | D:1      | Reached XP level 1. HP: 11/11 MP: 2/2
   116 | D:1      | Reached XP level 2. HP: 3/16 MP: 3/3
   755 | D:1      | Found a faded altar of an unknown god.
   761 | D:1      | Reached XP level 3. HP: 18/19 MP: 4/4
  1128 | D:2      | Reached skill level 1 in Dodging
  1363 | D:2      | Gained mutation: Your natural rate of healing is unusually
                  | fast. [Vine Stalker growth]
  1363 | D:2      | Reached XP level 4. HP: 18/24 MP: 5/5
  1608 | D:3      | Found an opulent altar of Gozag.
  1888 | D:3      | Found a snail-covered altar of Cheibriados.
  2199 | D:4      | Noticed a bullfrog
  2214 | D:4      | Killed a bullfrog
  2215 | D:4      | Reached XP level 5. HP: 28/28 MP: 6/6
  2243 | D:4      | Noticed Edmund
  2245 | D:4      | Noticed an ogre
  2254 | D:4      | Mangled by an ogre

Illustrated notes

Levels and vault maps discovered:
D:1:      lightli_arrival_isolated_outpost, layout_basic,
          shapermc_ecumenical_altar_totnotflames, minmay_statues_item,
          st_stairs_13, chequers_mini_garden
D:2:      layout_rooms, moated_statue, minmay_misc_feat_tower
D:3:      layout_rooms, mainiacjoe_overflow_concentric_impassable,
          grunt_gozag_statues, minmay_strange_pillars, serial_bayou_ford_a,
          st_stairs_13, minivault_11, kennysheep_generic_room_6
D:4:      minmay_chambers_of_fours, layout_cave_pods,
          mainiacjoe_overflow_cross_hatched, uniq_edmund

Skill      XL: |  1  2  3  4 |
---------------+-------------+-----
Short Blades   | 2 |  2.7
Fighting       | 3 |  3.3
Shields        | 3 |  3.3
Dodging        | 1 |  1.5
Armour         | 3 |  3.0

Action                   |  1- 3 |  4- 6 || total
-------------------------+-------+-------++-------
Melee: Rapier            |    88 |    77 ||   165
       Bite              |    24 |    26 ||    50
  Use: Scroll            |       |     3 ||     3
Armor: Scale mail        |    48 |    25 ||    73
Dodge: Dodged            |    71 |    30 ||   101
Block: Buckler           |    23 |    18 ||    41

Table legend: (Time is in decaauts)
 A = Elapsed time spent in this place.
 B = Non-inter-level travel time spent in this place.
 C = Inter-level travel time spent in this place.
 D = Time resting spent in this place.
 E = Time spent auto-exploring this place.
 F = Levels seen in this place.
 G = Mean time per level.
                   A        B        C        D        E       F      G
               +--------+--------+--------+--------+--------+-----+--------+
         Total |   2276 |   2165 |    111 |    246 |   1499 |   4 |  569.0 |
       Dungeon |   2276 |   2165 |    111 |    246 |   1499 |   4 |  569.0 |
               +--------+--------+--------+--------+--------+-----+--------+

Top non-repeatable levels by time:
     D:1: 953 daAuts
     D:2: 583 daAuts
     D:3: 575 daAuts
     D:4: 163 daAuts
